 Dungeon Crawl Stone Soup version 0.22.0 (webtiles) character file.

74 Morrissey the Vexing (level 4, 0/30 HPs)
             Began as a Vampire Enchanter on Aug 12, 2018.
             Succumbed to an adder's poison
             ... on level 2 of the Dungeon.
             The game lasted 00:04:44 (1364 turns).

Morrissey the Vexing (Vampire Enchanter)            Turns: 1364, Time: 00:04:44

Health: 0/30       AC:  2    Str:  7    XL:     4   Next: 9%
Magic:  1/6        EV: 13    Int: 18    God:
Gold:   52         SH:  0    Dex: 16    Spells: 1/7 levels left

rFire    . . .     SeeInvis +   a - +1 dagger
rCold    . . .     Gourm    .   (no shield)
rNeg     . . .     Faith    .   b - +0 robe
rPois    .         Spirit   .   (no helmet)
rElec    .         Reflect  .   (no cloak)
rCorr    .         Harm     .   (no gloves)
MR       .....                  (no boots)
Stlth    +++.......             (no amulet)
HPRegen  0.30/turn              (no ring)
MPRegen  0.10/turn              (no ring)

@: lethally poisoned (0 -> -1), very slightly contaminated, regenerating quickly
A: fangs 3, see invisible, agile 1, low mp 1, unbreathing
a: no special abilities


You were on level 2 of the Dungeon.
You were very full.

You visited 1 branch of the dungeon, and saw 2 of its levels.

You collected 52 gold pieces.

Inventory:

Hand Weapons
 a - a +1 dagger (weapon)
Armour
 b - a +0 robe (worn)
Scrolls
 e - a scroll of fear {unknown}
 f - a scroll of enchant weapon {unknown}
 g - a scroll of identify {unknown}
 h - a scroll of amnesia {unknown}
Potions
 d - 7 potions of blood


   Skills:
 + Level 1.9 Short Blades
 * Level 3.1 Dodging
 + Level 5.1 Stealth
 + Level 2.2 Spellcasting
 * Level 5.4 Hexes


You had one spell level left.
You knew the following spells:

 Your Spells              Type           Power        Failure   Level  Hunger
a - Corona                Hex            ###....      1%          1    #......
b - Ensorcelled Hibernat  Hex/Ice        ##....       9%          2    ###....
c - Confuse               Hex            ###.....     6%          3    ###....

Your spell library contained the following spells:

 Spells                   Type           Power        Failure   Level  Hunger
 Tukima's Dance           Hex            ###.....     6%          3    ###....
 Dazzling Spray           Conj/Hex       ##....       17%         3    ###....


Dungeon Overview and Level Annotations

Branches:
Dungeon (2/15)

Altars:


Innate Abilities, Weirdness & Mutations

Your natural rate of healing is unusually fast.
You have razor-sharp teeth.
You have supernaturally acute eyesight. (SInv)
You can survive without breathing.
You are agile. (Dex +2)
Your magical capacity is low. (-10% MP)


Message History

* * * LOW HITPOINT WARNING * * *
You feel sick.
You hit the frilled lizard.
You kill the frilled lizard!
Yummy - fresh blood!
* * * LOW HITPOINT WARNING * * *
You feel sick.
Yummy - fresh blood!
* * * LOW HITPOINT WARNING * * *
You feel sick.
Yummy - fresh blood!
Yummy - fresh blood!
* * * LOW HITPOINT WARNING * * *
You feel sick.
Yummy - fresh blood!
* * * LOW HITPOINT WARNING * * *
You feel sick.
Yummy - fresh blood!
Yummy - fresh blood!
You die...

#####...... #.#
.....
......###.# #.#
..###
..........# #.#
########### #.#
# # #.
###.##.#.#. #
##. #?.........
# ##... #.# # ##
#.... #†# ###.
...... #@# #..
#.....##!####.##
#.#
...............#
#.#
##.###.###.#.#l
..# #.# # ## ..#
#.# #. #.# #(#
#.# #######.##.#
#.# #..........#
#.


There were no monsters in sight!

Vanquished Creatures
  3 adders (D:2)
  A worm (D:2)
  A dart slug (D:1)
  A leopard gecko (D:1)
  4 bats (D:1)
  4 giant cockroaches
  5 goblins
  7 hobgoblins
  A ball python (D:2)
  3 frilled lizards
  3 kobolds
  6 rats
39 creatures vanquished.

Notes
Turn   | Place    | Note
-------+----------+-------------------------------------------
     0 | D:1      | Morrissey the Vampire Enchanter began the quest for the Orb.
     0 | D:1      | Reached XP level 1. HP: 13/13 MP: 3/3
   210 | D:1      | Reached XP level 2. HP: 19/19 MP: 5/5
   214 | D:1      | Learned a level 2 spell: Ensorcelled Hibernation
   782 | D:1      | Reached skill level 5 in Hexes
   803 | D:1      | Reached XP level 3. HP: 21/24 MP: 6/6
  1114 | D:2      | Reached skill level 5 in Stealth
  1186 | D:2      | Learned a level 3 spell: Confuse
  1349 | D:2      | Gained mutation: Your magical capacity is low. (-10% MP) [potion of mutation]
  1349 | D:2      | Gained mutation: You are agile. (Dex +2) [potion of mutation]
  1356 | D:2      | Reached XP level 4. HP: 5/30 MP: 0/6
  1361 | D:2      | HP: 1/30 [poisoned by an adder]
  1364 | D:2      | Succumbed to an adder's poison

Skill      XL: |  1  2  3 |
---------------+----------+-----
Hexes          | 5 |  5.4
Stealth        | 5 |  5.1
Dodging        | 3 |  3.1
Short Blades   | |  1.9
Spellcasting   | |  2.2

Action                   |  1- 3 |  4- 6 || total
-------------------------+-------+-------++-------
Melee: Dagger            |    86 |     1 ||    87
       Bite              |     3 |       ||     3
 Cast: Corona            |     4 |       ||     4
       Ensorcelled Hiber |    17 |       ||    17
  Use: Potion            |     2 |     7 ||     9
 Stab: Sleeping          |    27 |       ||    27
Armor: Robe              |    23 |       ||    23
Dodge: Dodged            |    61 |       ||    61
